 Dungeon Crawl Stone Soup version 0.21-a0-525-ga34b322 (webtiles) character file.

55 lemonriz the Conjurer (level 3, -1/19 HPs)
             Began as a Deep Elf Conjurer on Dec 7, 2017.
             Slain by a worm (3 damage)
             ... on level 3 of the Dungeon.
             The game lasted 00:03:57 (1826 turns).

lemonriz the Conjurer (Deep Elf Conjurer)           Turns: 1826, Time: 00:03:58

Health: -1/19      AC:  2    Str:  5    XL:     3   Next: 67%
Magic:  0/10       EV: 13    Int: 20    God:
Gold:   116        SH:  0    Dex: 15    Spells: 3/9 levels left

rFire    . . .     SeeInvis +   (no weapon)
rCold    . . .     Gourm    .   (no shield)
rNeg     . . .     Faith    .   a - +0 robe
rPois    .         Spirit   .   (no helmet)
rElec    .         Reflect  .   h - scarf {cloud immunity}
rCorr    .         Harm     .   (no gloves)
MR       .....                  (no boots)
Stlth    ++........             (no amulet)
HPRegen  0.06/turn              e - ring of see invisible
MPRegen  0.12/turn              (no ring)

@: no status effects
A: no striking features
a: no special abilities


You were on level 3 of the Dungeon.
You were hungry.

You visited 1 branch of the dungeon, and saw 3 of its levels.

You collected 116 gold pieces.

Inventory:

Armour
 a - a +0 robe (worn)
 h - a scarf of cloud immunity (worn)
Jewellery
 e - a ring of see invisible (left hand)
Scrolls
 d - 2 scrolls of enchant armour {unknown}
 g - a scroll of remove curse {unknown}
 i - a scroll of random uselessness {unknown}
 j - 2 scrolls of teleportation {unknown}
 k - a scroll of amnesia {unknown}
Potions
 f - 3 potions of lignification {unknown}
Books
 b - a book of Conjurations

   Spells                             Type                      Level
   a - Magic Dart                     Conjuration                  1
   b - Searing Ray                    Conjuration                  2
   c - Dazzling Spray                 Conjuration/Hexes            3
   d - Fulminant Prism                Conjuration/Hexes            4
   e - Force Lance                    Conjuration/Translocation    4
   f - Iskenderun's Mystic Blast      Conjuration                  4
Comestibles
 c - a bread ration
 l - a royal jelly
 m - a fruit


   Skills:
 - Level 3.0 Dodging
 - Level 3.0 Stealth
 + Level 3.9 Spellcasting
 + Level 5.0 Conjurations


You had 3 spell levels left.
You knew the following spells:

 Your Spells              Type           Power        Failure   Level  Hunger
a - Magic Dart            Conj           ###.         1%          1    None
b - Searing Ray           Conj           ###...       2%          2    ##.....
c - Dazzling Spray        Conj/Hex       ##....       14%         3    ###....


Dungeon Overview and Level Annotations

Branches:
Dungeon (3/15)

Altars:
Kikubaaqudgha
Ru
Yredelemnul


Message History

The worm is almost dead.
The worm completely misses you.
You hit the worm.
The worm is almost dead.
You hit the worm but do no damage.
The worm is almost dead.
The worm bites you!
You barely miss the worm.
The worm is almost dead.
Casting: Searing Ray
Confirm with . or Enter, or press ? or * to list all spells.
Aiming: Magic Dart
Press: ? - help, Shift-Dir - straight line, f/p - worm
Aim: a worm (almost dead)
The magic dart hits the worm.
The worm is almost dead.
The worm bites you!
* * * LOW HITPOINT WARNING * * *
The worm bites you.
You die...

#.# #.# #w#
#.# #.# #.#
###'##########
#..........w.#
#........###@#
#........# #.#
#........# #.#
#........# #.#
#........# #.#
########## #.#
#.# #.# #.#


You could see a worm.

Vanquished Creatures
  An adder (D:2)
  An ooze (D:1)
  2 dart slugs (D:1)
  2 leopard geckos
  An orc (D:3)
  4 bats
  2 giant cockroaches (D:2)
  5 goblins
  4 hobgoblins
  3 kobolds (D:1)
  A ball python (D:2)
  A frilled lizard (D:1)
  8 rats
35 creatures vanquished.

Notes
Turn   | Place    | Note
-------+----------+-------------------------------------------
     0 | D:1      | lemonriz the Deep Elf Conjurer began the quest for the Orb.
     0 | D:1      | Reached XP level 1. HP: 10/10 MP: 6/6
   360 | D:1      | Reached XP level 2. HP: 15/15 MP: 5/8
   365 | D:1      | Learned a level 2 spell: Searing Ray
   786 | D:1      | Reached XP level 3. HP: 15/19 MP: 1/9
   844 | D:1      | Learned a level 3 spell: Dazzling Spray
  1077 | D:2      | Found a basalt altar of Yredelemnul.
  1215 | D:2      | Found an ancient bone altar of Kikubaaqudgha.
  1273 | D:2      | Reached skill level 5 in Conjurations
  1511 | D:2      | Found a sacrificial altar of Ru.
  1826 | D:3      | Slain by a worm

Vault maps used:
D:1:      doesnt_arrival_eight_statues, minmay_small_reverse_x
D:2:      lemuel_round_altar, yredelemnul_altar_generic,
          nicolae_overflow_crystal_walls
D:3:      elyvilon_altar_5

Skill      XL: |  1  2  3 |
---------------+----------+-----
Stealth        | 3 |  3.0
Dodging        | 3 |  3.0
Conjurations   | 5 |  5.0
Spellcasting   | |  3.9

Action                   || total
-------------------------++-------
Melee: Unarmed           ||     9
 Cast: Magic Dart        ||    67
       Searing Ray       ||     1
  Eat: Chunk             ||     2
Armor: Robe              ||     4
Dodge: Dodged            ||    11

Table legend:
 A = Spawn XP
 B = Non-spawn XP
 C = Spawn XP percentage of total XP
 D = Spawn monster count
 E = Non-spawn monster count
 F = Spawn count percentage of total count
 G = Total turns spent on level
                    A         B        C        D         E        F      G
               +---------+---------+-------+---------+---------+-------+---------
         Total |       0 |      79 |   0.0 |       0 |      35 |   0.0 |  1826
               +---------+---------+-------+---------+---------+-------+---------
           D:1 |       0 |      43 |   0.0 |       0 |      20 |   0.0 |  1034
           D:2 |       0 |      30 |   0.0 |       0 |      11 |   0.0 |   605
           D:3 |       0 |       6 |   0.0 |       0 |       4 |   0.0 |   187
               +---------+---------+-------+---------+---------+-------+---------
